 Dungeon Crawl Stone Soup version 0.27.1-33-g824d729ab1 (webtiles) character file.

Game seed: 429832174775232907

182 pkoi the Insei (level 5, -2/45 HPs)
             Began as a Draconian Monk on Dec 21, 2021.
             Slain by Duvessa (8 damage)
             ... on level 4 of the Dungeon.
             The game lasted 00:03:08 (3058 turns).

pkoi the Insei (Draconian Monk)                     Turns: 3058, Time: 00:03:09

Health: -2/45      AC:  5    Str: 13    XL:     5   Next: 34%
Magic:  5/5        EV: 12    Int: 11    God:
Gold:   110        SH:  0    Dex: 14    Spells: 4/4 levels left

rFire    . . .     SeeInvis .     - Unarmed
rCold    . . .     Faith    .   (no shield)
rNeg     . . .     Spirit   .   (armour unavailable)
rPois    .         Reflect  .   (helmet restricted)
rElec    .         Harm     .   (no cloak)
rCorr    .         Rampage  .   (no gloves)
Will     .....                  (no boots)
Stlth    ++........             (no amulet)
HPRegen  0.15/turn              u - +4 ring of slaying
MPRegen  0.09/turn              (no ring)

@: invisible
A: AC +5, unfitting armour, cold-blooded
a: no special abilities


You were on level 4 of the Dungeon.
You visited 1 branch of the dungeon, and saw 4 of its levels.

You collected 110 gold pieces.

Inventory:

Hand Weapons
 l - a +0 short sword
 n - a +0 scimitar
 s - a +1 halberd of venom
Missiles
 a - 4 boomerangs (quivered)
Jewellery
 u - a +4 ring of slaying (left hand)
Wands
 t - a wand of iceblast (9)
Scrolls
 c - 2 scrolls of torment {unknown}
 d - a scroll of holy word {unknown}
 e - a scroll of blinking {unknown}
 i - 3 scrolls of teleportation {unknown}
 m - a scroll of vulnerability {unknown}
 o - 4 scrolls of identify {unknown}
 p - a scroll of acquirement {unknown}
 q - a scroll of amnesia {unknown}
Potions
 b - a potion of lignification
 f - a potion of invisibility
 g - a potion of attraction {unknown}
 h - a potion of brilliance {unknown}
 j - a potion of heal wounds {unknown}
 k - a potion of magic {unknown}
 r - 3 potions of degeneration {unknown}


   Skills:
 - Level 3.2 Fighting
 - Level 2.6 Dodging
 - Level 1.7 Stealth
 + Level 6.1 Unarmed Combat


You had 4 spell levels left.
You didn't know any spells.
Your spell library contained the following spells:

 Spells                   Type           Power      Damage    Failure   Level
 Corona                   Hex            0%         N/A       34%         1
 Ensorcelled Hibernation  Hex/Ice        0%         N/A       47%         2
 Ignite Poison            Fire/Tmut/Pois 0%         N/A       71%         3
 Mephitic Cloud           Conj/Pois/Air  0%         N/A       71%         3
 Tukima's Dance           Hex            0%         N/A       71%         3
 Bolt of Magma            Conj/Fire/Erth 0%         4d4       100%        5


Dungeon Overview and Level Annotations

Branches:
Dungeon (4/15)
 Temple: D:4-7

Altars:

Annotations:
D:2 Sigmund
D:3 2 transporters, Flarelocke's ghost, amateur DrCj
D:4 Dowan; Duvessa


Innate Abilities, Weirdness & Mutations

Your plain brown scales are hard. (AC +5)
You cannot fit into any form of body armour.
You are cold-blooded and may be slowed by cold attacks.


Message History

Duvessa says, "Where magic fails, the sword succeeds!"
You closely miss Duvessa.
Duvessa zaps a wand.
Some rock shatters into small pieces.
You punch Duvessa! You tail-slap Duvessa.
Duvessa is moderately wounded.
You hit Duvessa but do no damage.
Duvessa is moderately wounded.
Duvessa hits you but does no damage.
You punch Duvessa!
Duvessa is heavily wounded.
A hound comes into view.
You hit Duvessa.
Duvessa is heavily wounded.
Duvessa gestures with her weapon.
Dowan casts a spell at you. The puff of frost hits you!
Dowan closely misses you.
Duvessa drinks a potion.
Duvessa seems to grow stronger.
You hit Duvessa.
Duvessa is severely wounded.
Dowan mumbles some strange words.
Dowan blinks!
Duvessa hits you with a +0 short sword!
* * * LOW HITPOINT WARNING * * *
You hit Duvessa but do no damage.
You tail-slap Duvessa, but do no damage.
Duvessa is severely wounded.
Duvessa hits you with a +0 short sword!
* * * LOW HITPOINT WARNING * * *
The hound barely misses you.
You closely miss Duvessa.
Duvessa is severely wounded.
The hound completely misses you. Duvessa hits you with a +0 short sword.
* * * LOW HITPOINT WARNING * * *
Dowan hits you with a +0 dagger.
* * * LOW HITPOINT WARNING * * *
The hound bites you but does no damage.
It was a potion of invisibility.
You fade into invisibility!
Duvessa hits you with a +0 short sword!
You die...

.# #.# ###
### .# #.#
#.. ..# #.
#.# #.#
##.###.
#.##.#
#...#.
#.#.#
#.... #ee#
... ##@#
#.# #h#
#<#
#......e.#
##........
.#.######.
#.. .# .##
# #


You could see Duvessa (strong), Dowan and a hound.

Vanquished Creatures
  Natasha (thrice) (D:2)
  4 gnolls (D:3)
  An adder (D:3)
  2 orcs (D:3)
  5 ball pythons
  5 bats
  9 endoplasms
  2 giant cockroaches
  6 goblins
  4 hobgoblins
  2 jackals (D:2)
  3 quokkas
  2 frilled lizards
  4 kobolds
  3 rats
55 creatures vanquished.

Vanquished Creatures (others)
  5 fungi (D:2)
  7 plants (D:2)
12 creatures vanquished.

Grand Total: 67 creatures vanquished

Notes
Turn   | Place    | Note
-------+----------+-------------------------------------------
     0 | D:1      | pkoi the Draconian Monk began the quest for the Orb.
     0 | D:1      | Reached XP level 1. HP: 19/19 MP: 1/1
   286 | D:1      | Reached XP level 2. HP: 24/26 MP: 2/2
   725 | D:2      | Noticed Natasha
   736 | D:2      | Killed Natasha
   737 | D:2      | Reached skill level 4 in Unarmed Combat
   737 | D:2      | Reached XP level 3. HP: 13/31 MP: 3/3
  1064 | D:2      | Noticed Natasha
  1073 | D:2      | Killed Natasha
  1074 | D:2      | Reached XP level 4. HP: 34/38 MP: 4/4
  1141 | D:2      | Reached skill level 5 in Unarmed Combat
  1166 | D:2      | Noticed Natasha
  1174 | D:2      | Killed Natasha
  1407 | D:2      | Noticed Sigmund
  1434 | D:2      | Found a faded altar of an unknown god.
  2181 | D:3      | Noticed Flarelocke's ghost (amateur DrCj)
  2182 | D:3      | Found a transporter.
  2183 | D:3      | Identified the +5 dire flail of Calamity {vorpal, *Rage
                  | +Rage SInv Stlth+}
  2183 | D:3      | Noticed an ogre
  2450 | D:3      | Reached XP level 5. HP: 38/45 MP: 5/5
  2541 | D:3      | Reached skill level 6 in Unarmed Combat
  2925 | D:3      | Found a transporter.
  2986 | D:4      | Noticed Duvessa
  2986 | D:4      | Noticed Dowan
  3058 | D:4      | Slain by Duvessa

Illustrated notes

Levels and vault maps discovered:
D:1:      onia_arrival_pyramid, layout_basic
D:2:      layout_loops_cross, dreamdust_ecumenical_altar_hidden_monk_grotto,
          uniq_natasha, uniq_sigmund
D:3:      layout_loops_ring, gammafunk_ghost_smash, columned_hall_lemuel,
          corexii_shack
D:4:      layout_loops_corners, roderic_lattice_a, uniq_menkaure, uniq_edmund,
          uniq_duvessa

Skill      XL: |  1  2  3  4  5 |
---------------+----------------+-----
Unarmed Combat | 4 5 6 |  6.1
Fighting       | |  3.2
Dodging        | |  2.6
Stealth        | |  1.7

Action                   |  1- 3 |  4- 6 || total
-------------------------+-------+-------++-------
Melee: Unarmed           |    61 |    97 ||   158
       Tailslap          |     7 |    13 ||    20
       Punch             |     1 |       ||     1
Throw: Boomerang         |       |    19 ||    19
  Use: Potion            |       |     2 ||     2
 Stab: Sleeping          |     3 |     9 ||    12
Armor: Skin              |    16 |    44 ||    60
Dodge: Dodged            |    36 |    59 ||    95
